Map: [ESL] Radhuset Station

Players

MaxPax

  • Race: Protoss Protoss
  • Spawn Location: 7:00

Krystianer - Winner!

  • Race: Protoss Protoss
  • Spawn Location: 1:00

Event: ESL SC2 Masters 2023 Winter (Regional)

VOD

Have the link to the VOD?

Description

Time

  • Played on: Nov. 17, 2023, 9:33 a.m.
  • Length: 10:29

All games in this series

Show
View Real Time Build Order
Export as new Build Order

MaxPax Protoss 

Build Orders: 1 Gate Expand 

Get SALT Encoding   

  12  0:00  Probe  
  13  0:12  Probe  
  14  0:19  Pylon  
  14  0:24  Probe  
  15  0:37  Probe (Chrono Boost)  
  15  0:41  Gateway  
  16  0:47  Assimilator, Probe (Chrono Boost)  
  17  0:52  Probe (Chrono Boost)  
  18  1:04  Probe  
  19  1:16  Probe  
  20  1:24  Nexus  
  20  1:36  Cybernetics Core  
  20  1:39  Probe  
  21  1:45  Assimilator  
  21  1:52  Probe  
  22  1:54  Pylon  
  22  2:04  Probe  
  23  2:10  Adept (Chrono Boost)  
  25  2:16  Probe  
  25  2:21  Stargate  
  26  2:28  Warp Gate, Probe  
  27  2:35  Stalker  
  29  2:44  Shield Battery, Probe  
  29  2:48  Probe  
  31  2:58  Probe  
  33  3:09  Void Ray (Chrono Boost)  
  36  3:18  Probe  
  35  3:20  Forge  
  35  3:40  Void Ray (Chrono Boost), Pylon  
  38  3:45  Probe  
  40  3:48  Probe  
  40  3:58  Photon Cannon  
  40  4:00  Probe  
  41  4:03  Probe  
  41  4:09  Void Ray (Chrono Boost)  
  46  4:17  Shield Battery  
  46  4:19  Stalker  
  48  4:27  Photon Cannon  
  49  4:36  Photon Cannon  
  46  4:50  Void Ray (Chrono Boost)  
  50  4:53  Stalker  
  52  5:00  Probe  
  52  5:01  Pylon  
  53  5:13  Photon Cannon  
  51  5:27  Void Ray (Chrono Boost)  
  51  5:28  Stalker  
  56  5:32  Probe  
  56  5:34  Probe  
  56  5:45  Pylon  
  56  5:51  Stalker  
  51  6:04  Void Ray  
  37  6:40  Stalker  
  39  6:57  Photon Cannon  
  39  7:05  Void Ray (Chrono Boost), Shield Battery  
  42  7:17  Stalker  
  43  7:22  Probe  
  43  7:26  Assimilator  
  43  7:28  Assimilator  
  38  7:40  Probe  
  38  7:43  Stalker  
  40  7:47  Pylon  
  38  7:53  Probe  
  39  8:04  Pylon  
  39  8:05  Probe  
  40  8:08  Gateway  
  40  8:09  Stalker  
  40  8:22  Robotics Facility  
  40  8:33  Stalker  
  42  8:58  Nexus  
  40  9:04  Stalker  
  42  9:15  Sentry  
  43  9:26  Immortal (Chrono Boost)  
  46  9:36  Probe  
  47  9:43  Pylon  
  46  9:50  Nexus  
  46  9:52  Probe  
  47  10:07  Adept x2  
Show
View Real Time Build Order
Export as new Build Order

Krystianer Protoss - Winner!

Build Orders: Blink Stalkers 

Get SALT Encoding   

  12  0:00  Probe  
  13  0:12  Probe  
  14  0:18  Pylon  
  14  0:24  Probe (Chrono Boost)  
  15  0:36  Probe (Chrono Boost)  
  15  0:38  Gateway  
  16  0:44  Probe (Chrono Boost)  
  16  0:47  Assimilator  
  17  0:50  Probe  
  17  0:56  Assimilator  
  18  1:03  Probe (Chrono Boost)  
  19  1:09  Gateway  
  19  1:13  Probe (Chrono Boost)  
  20  1:19  Probe  
  21  1:26  Cybernetics Core  
  21  1:32  Probe  
  22  1:38  Pylon  
  22  1:44  Probe  
  23  2:02  Stalker x2  
  23  2:03  Warp Gate  
  27  2:16  Twilight Council  
  27  2:23  Pylon  
  27  2:36  Stalker  
  31  2:47  Blink (Chrono Boost)  
  31  2:55  Gateway  
  29  3:00  Shield Battery  
  29  3:04  Stalker  
  31  3:11  Stalker  
  33  3:27  Pylon  
  33  3:30  Gateway  
  33  3:51  Stalker x2  
  33  3:54  Stalker  
  39  4:08  Pylon  
  39  4:22  Stalker x2  
  39  4:24  Stalker  
  44  4:49  Stalker x3  
  50  5:14  Pylon  
  50  5:32  Stalker x4  
  48  6:07  Stalker x4  
  40  6:32  Stalker x3  
  46  6:34  Stalker  
  48  6:55  Stalker x2  
  48  6:58  Stalker  
  52  7:34  Probe  
  53  7:40  Nexus  
  53  7:47  Probe (Chrono Boost)  
  54  7:56  Robotics Facility  
  55  7:59  Probe (Chrono Boost)  
  55  8:06  Probe (Chrono Boost)  
  56  8:13  Probe (Chrono Boost)  
  57  8:24  Probe (Chrono Boost)  
  58  8:29  Probe (Chrono Boost)  
  58  8:30  Stalker x2  
  58  8:31  Pylon  
  63  8:49  Probe  
  63  8:50  Observer  
  63  8:53  Stalker x2  
  69  8:57  Probe  
  70  9:13  Probe x2  
  70  9:15  Stalker x2  
  74  9:17  Stalker  
  74  9:21  Observer  
  77  9:28  Shield Battery  
  77  9:44  Forge  
  77  9:48  Nexus  
  77  9:52  Probe (Chrono Boost)  
  79  9:55  Probe (Chrono Boost)  
  79  10:02  Probe (Chrono Boost)  
  80  10:08  Probe  
  80  10:10  Probe  
  78  10:23  Gateway  
  78  10:24  Gateway  
Tags
 
Add a new tag
Caveats
  • Supply blocks, unpowered buildings, or Contaminate may cause inaccurate times.
  • Supply counts are checked every 10 seconds.